Unix NetHack Version 5.0.0-0 post-release - last build May 17 2026 04:57:42 (dc50c8380fa5e20985bfe3072449f57b8d9895ef,branch:main).

Game began 2026-05-18 15:56:48, ended 2026-05-18 16:58:34.

Conradmonkey, neutral male gnomish Wizard

     ----------
     |........|                        ----------
     |........|       -----------      |........|
     |.>.(o...|       |..........######.......i.|
     |........|      #-.........|      --------.-
     |........-#     #-----------              #
     ---|------##    #                         #
       ##       #    #                         #
       #        #    ##                        #              --------
       #        #     #                        #              |.[[[[[|
   ----.-       ##  # #                        #              |.[[[[)|
   |....|      ##---.-#                --------.--           #-.[..[[|
   |....+       #|...|#                |.......(..############|..[[[[|
   |.<..|    ####-...|#                |..f......|            |.[[[[.|
   |....|    #   |...-#                |@........|            |.[[[[[|
   |.....#####   -----                 -----------            --------
   ------

Conradmonkey the Conjurer  St:12 Dx:15 Co:17 In:18 Wi:8 Ch:9  Neutral
Dlvl:2  $:5  HP:0(36) Pw:38(38) AC:7  Xp:4 T:2081  Fainting

Latest messages:
 What do you want to wear? [bt or ?*] t
 You finish your dressing maneuver.
 What do you want to wear? [b or ?*] b
 You are now wearing a cloak of magic resistance.
 In what direction? 4
 The spell hits the yellow mold!
 You kill the yellow mold!
 You see here an empty unlocked large box.
 You are beginning to feel hungry.
 In what direction? 4
 The spell hits the acid blob!
 You kill the acid blob!
 You stop.  Your kitten is in the way!
 You swap places with your kitten.
 You swap places with your kitten.
 Wizard needs food, badly!
 Are you sure you want to pray? [yn] (n) y
 You begin praying to Thoth.
 You finish your prayer.
 You feel that Thoth is displeased.
 You don't have anything to eat.
 You faint from lack of food.
 You regain consciousness.
 You see here a statue of a manes.
 You faint from lack of food.
 You regain consciousness.
 You see here an empty unlocked large box.
 You faint from lack of food.
 You regain consciousness.
 You can hear again.
 You faint from lack of food.
 You regain consciousness.
 You faint from lack of food.
 You regain consciousness.
 Are you sure you want to pray? [yn] (n) y
 You begin praying to Thoth.
 You finish your prayer.
 You feel that Thoth is displeased.
 Are you sure you want to pray? [yn] (n) y
 You begin praying to Thoth.
 You finish your prayer.
 The voice of Thoth booms: "Thou hast angered me."
 Suddenly, a bolt of lightning strikes you!
 You fry to a crisp!
 Do you want your possessions identified? [ynq] (y) y
 Do you want to see your attributes? [ynq] (y) y
 Do you want an account of creatures vanquished? [ynaq] (y) y
 Do you want a list of species genocided? [ynq] (y) y
 Do you want to see your conduct and achievements? [ynq] (y) y
 Do you want to see the dungeon overview? [ynq] (y) y

Inventory:
 Coins    ('$')
  $ - 5 gold pieces
 Weapons  (')')
  a - a blessed +4 quarterstaff (weapon in hands)
 Armor    ('[')
  b - a blessed +0 cloak of magic resistance (being worn)
  t - an uncursed +0 leather armor (being worn)
 Scrolls  ('?')
  i - an uncursed scroll of teleportation
 Spellbooks  ('+')
  r - an uncursed spellbook of blank paper
  j - a blessed spellbook of force bolt
  o - an uncursed spellbook of slow monster
  k - a blessed spellbook of wizard lock
 Potions  ('!')
  f - an uncursed potion of invisibility
  g - 2 uncursed potions of see invisible
 Rings    ('=')
  d - an uncursed ring of regeneration (on right hand)
  e - an uncursed ring of searching
  m - an uncursed ring of slow digestion
 Wands    ('/')
  c - a wand of secret door detection (0:13)
 Tools    ('(')
  q - an uncursed bell
  l - a magic marker (1:26)
  n - an uncursed skeleton key

Conradmonkey the Wizard's attributes:

Background:
 You were a Conjurer, a level 4 male gnomish Wizard.
 You were neutral, on a mission for Thoth
 who was opposed by Ptah (lawful) and Anhur (chaotic).
 You were right-handed.
 You were in the Dungeons of Doom, on level 2.
 You entered the dungeon 2081 turns ago.
 There was a new moon in effect when your adventure ended.
 You had 95 experience points, 65 more were needed to attain level 5.

Basics:
 You had 0 out of 36 hit points.
 You had all 38 energy points (spell power).
 Your armor class was 7.
 Your wallet contained 5 zorkmids.
 Autopickup was off.

Final Characteristics:
 Your strength was 12 (base:13, limit:18/50).
 Your dexterity was 15 (limit:18).
 Your constitution was 17 (limit:18).
 Your intelligence was 18 (limit:19).
 Your wisdom was 8 (limit:18).
 Your charisma was 9 (limit:18).

Final Status:
 You were fainting due to starvation.
 You were unencumbered.
 You were wielding a quarterstaff.
 You had basic skill with quarterstaff.

Final Attributes:
 You had sinned.
 You were magic-protected.
 You had infravision.
 You regenerated.
 You were warded.
 You were very unlucky.
 Thoth was angry with you.
 You are dead.

Miscellaneous:
 You didn't encounter any bones levels.
 Total elapsed playing time was 59 minutes and 20 seconds.

Major events:
 Turn
    1: Conradmonkey the neutral male gnomish Wizard entered the dungeon
  802: attained the rank of Conjurer (level 3)
 1717: performed his first genocide (mind flayers)
 2081: killed by the wrath of Thoth

Spells:
 Name                 Level Category     Fail Retention
 force bolt             1   attack         0%   81%-90%
 wizard lock            2   matter        43%  76%-100%
 slow monster           2   enchantment    0%  91%-100%

Skills:
 Fighting Skills
   bare handed combat [Unskilled]
   riding             [Unskilled]
 Weapon Skills
   dagger             [Unskilled]
   knife              [Unskilled]
   axe                [Unskilled]
   short sword        [Unskilled]
   club               [Unskilled]
   mace               [Unskilled]
   quarterstaff       [Basic]
   polearms           [Unskilled]
   spear              [Unskilled]
   trident            [Unskilled]
   sling              [Unskilled]
   dart               [Unskilled]
   shuriken           [Unskilled]
 Spellcasting Skills
   attack spells      [Basic]
   healing spells     [Unskilled]
   divination spells  [Unskilled]
   enchantment spells [Basic]
   clerical spells    [Unskilled]
   escape spells      [Unskilled]
   matter spells      [Unskilled]

Voluntary challenges:
 Character rerolling was not enabled.
 You genocided 1 type of monster.
 You never polymorphed an object.
 You never changed form.
 You used no wishes.
Achievements:
 You attained the rank of Conjurer.
 You entered a shop.

 The Dungeons of Doom: levels 1 to 2
    Level 1:
       A grave.
    Level 2: <- You were here.
       An armor shop.
       Final resting place for
          you, killed by the wrath of Thoth.


Vanquished creatures:
  a shrieker
  2 acid blobs
  a hobbit
  a giant rat
  a yellow mold
  a green mold
  2 garter snakes
  3 jackals
  2 kobolds
  a goblin
  a sewer rat
  7 grid bugs
  2 bats
  5 lichens
  a kobold zombie
  8 newts
39 creatures vanquished.

Genocided species:
 mind flayers
1 species genocided.

Game over:
                       ----------
                      /          \
                     /    REST    \
                    /      IN      \
                   /     PEACE      \
                  /                  \
                  |   Conradmonkey   |
                  |       5 Au       |
                  |  killed by the   |
                  |  wrath of Thoth  |
                  |                  |
                  |                  |
                  |       2026       |
                 *|     *  *  *      | *
        _________)/\\_//(\/(/\)/\//\/|_)_______

Goodbye Conradmonkey the Wizard...

You died in The Dungeons of Doom on dungeon level 2 with 475 points,
and 5 pieces of gold, after 2081 moves.
You were level 4 with a maximum of 36 hit points when you died.

